 Dungeon Sprint DCSS version 0.19.0-24-gb05acd6 (webtiles) character file.

182 equalderp2856 the Gouger (level 5, -7/28 HPs)
             Began as a Felid Fighter on Nov 21, 2016.
             Mangled by a tyrant leech (30 damage)
             ... in the Dungeon (Sprint II: "The Violet Keep of Menkaure").
             The game lasted 00:03:15 (187 turns).

equalderp2856 the Gouger (Felid Fighter)             Turns: 187, Time: 00:03:15

Health: -7/28      AC:  2    Str: 13    XL:     5   Next: 34%
Magic:  6/6        EV: 25    Int: 10    God:
Gold:   243        SH:  0    Dex: 16    Spells: 0 memorised, 4 levels left
                                        Lives:  0   Deaths: 2

rFire  . . .     SeeInvis +       - Unarmed
rCold  . . .     Gourm    .     (armour unavailable)
rNeg   . . .     Faith    .     (shield unavailable)
rPois  .         Spirit   .     (helmet unavailable)
rElec  .         Reflect  .     (cloak unavailable)
rCorr  .         Harm     .     (gloves unavailable)
MR     .....     NoTele   +     (boots unavailable)
Stlth  ++++......               (no amulet)
                                (no ring)
                                (no ring)

@: quick
A: no armour, no weapons or thrown items, stealth, claws 1, fangs 3, see
invisible, carnivore 3, speed 1, shaggy fur 2, slow metabolism 1, evolution 1,
MP-powered wands, sharp paws
a: no special abilities


You were in the Dungeon.
You were not hungry.

You visited 1 branch You collected 243 gold pieces.

Inventory:

Scrolls
 h - a scroll of blinking
Potions
 c - a potion of curing
 d - a potion of heal wounds
 e - a potion of haste
 f - 2 potions of magic
Comestibles
 b - a meat ration


   Skills:
 + Level 7.2 Fighting
 + Level 9.3 Dodging
 * Level 7.7 Stealth
 + Level 11.9 Unarmed Combat


You had 4 spell levels left.
You didn't know any spells.

Dungeon Overview and Level Annotations

Branches:
Dungeon (1/1)

Altars:

Shops:
D }=[!!==?*[*

Annotations:
D exclusions: 4 doors, ice statue and obsidian statue


Innate Abilities, Weirdness & Mutations

You cannot wear armour.
You are incapable of wielding weapons or throwing items.
Your paws allow you to move quietly. (Stealth)
You have sharp claws.
You have razor-sharp teeth.
You have supernaturally acute eyesight. (SInv)
You are carnivorous and can eat meat at any time.
You cover ground quickly.
You are covered in thick fur. (AC +2)
You have a slow metabolism.
Your sharp claws are effective at attacking unaware monsters.
You evolve.
You expend magic power (3 MP) to strengthen your wands.


Message History

You scratch the tyrant leech but do no damage.
Your bite misses the tyrant leech.
The tyrant leech is lightly wounded.
The tyrant leech completely misses you.
You scratch the tyrant leech.
The tyrant leech is lightly wounded.
You barely miss the tyrant leech.
The tyrant leech is lightly wounded.
The tyrant leech barely misses you.
You miss the tyrant leech.
The tyrant leech is lightly wounded.
The tyrant leech bites you.
The tyrant leech draws strength from your injuries!
You scratch the tyrant leech but do no damage.
The tyrant leech is lightly wounded.
You claw the tyrant leech!
The tyrant leech is moderately wounded.
The tyrant leech bites you!!
Ouch! That really hurt!
You die...

########≈≈#+++#+++##
#######≈≈≈.........#
......#≈≈≈≈.##+##..#
.....∩#≈≈≈≈## ##.####
∩...∩.#≈≈≈≈# #....#
.∩.∩.∩#≈≈### ###..#
∩.∩.∩.#≈## #+###.##..#
.∩.∩..#≈# ##.##.#.#..#
..⌠...+≈+ +.<.@w##+..###
......#≈# ##.##..# ....#
▓▓▓▓###≈## ##'###.##.....
F######≈≈####.#.####§≈§..§
l# ##≈≈≈#.. ..#≈≈≈§≈≈≈.
#+#≈##$#.##†≈§≈≈≈≈≈
#≈≈##'##≈33§≈≈§≈≈
##≈≈≈≈≈3§≈≈≈≈§§≈§
#+++#'''#≈≈§≈≈≈§


You could see a tyrant leech.

Vanquished Creatures
  4 neqoxecs (D)
  Menkaure (D)
  A crocodile (D)
6 creatures vanquished.

Notes
Turn   | Place    | Note
-------+----------+-------------------------------------------
     0 | D        | equalderp2856 the Felid Fighter began the quest for the Orb.
     0 | D        | Reached XP level 1. HP: 10/10 MP: 2/2
     2 | D        | Noticed a neqoxec
     2 | D        | Noticed a neqoxec
     2 | D        | Noticed a neqoxec
     2 | D        | Noticed a neqoxec
     5 | D        | Gained mutation: You evolve. [a neqoxec]
     7 | D        | Killed a neqoxec
     7 | D        | Reached skill level 5 in Fighting
     7 | D        | Reached skill level 8 in Unarmed Combat
     7 | D        | Reached XP level 2. HP: 16/16 MP: 3/3
     7 | D        | Reached XP level 3. HP: 19/19 MP: 4/4
     7 | D        | Reached XP level 4. HP: 23/23 MP: 5/5
    12 | D        | Killed a neqoxec
    12 | D        | Reached skill level 10 in Unarmed Combat
    12 | D        | Reached XP level 5. HP: 27/27 MP: 6/6
    14 | D        | Killed a neqoxec
    14 | D        | Gained mutation: You are covered in thick fur. (AC +2) [Felid growth]
    14 | D        | Reached XP level 6. HP: 31/31 MP: 7/7
    14 | D        | Gained mutation: You expend magic power (3 MP) to strengthen your wands. [a neqoxec]
    17 | D        | Killed a neqoxec
    17 | D        | Reached skill level 11 in Unarmed Combat
    57 | D        | Noticed Menkaure
    60 | D        | Noticed a tyrant leech
    60 | D        | Killed Menkaure
    60 | D        | Reached XP level 7. HP: 35/36 MP: 8/8
    68 | D        | Mangled by a tyrant leech
    69 | D        | Reached XP level 6. HP: -9/33 MP: 7/7
    71 | D        | Noticed a tyrant leech
    75 | D        | Noticed an ice statue
    82 | D        | Found Payz's Armour Boutique.
    82 | D        | Found Ysouco's General Store.
    83 | D        | Found Xecuag's Magic Scroll Boutique.
    83 | D        | Found Vacogiagh's General Store.
    85 | D        | Found Guilu's Jewellery Boutique.
    85 | D        | Found Figad's Jewellery Shop.
    86 | D        | Found Xosops's Distillery.
    89 | D        | Found Ranwiuco's Antique Armour Shop.
    89 | D        | Found Podal's Distillery.
    90 | D        | Found Ytogiwul's Gadget Boutique.
    90 | D        | Found Esuan's Jewellery Shop.
    90 | D        | Noticed a spiny frog
   136 | D        | Noticed a wyvern
   138 | D        | Noticed a wyvern
   151 | D        | Noticed an obsidian statue
   166 | D        | Noticed a sun demon
   169 | D        | Noticed a sixfirhy
   169 | D        | Noticed a smoke demon
   171 | D        | Slain by a sixfirhy
   172 | D        | Reached XP level 5. HP: -3/28 MP: 6/6
   187 | D        | Mangled by a tyrant leech

Skill      XL: |  1  2  3  4  5  6 |
---------------+-------------------+-----
Fighting       | 5 6 7 |  7.2
Dodging        | 6 7 8 9 |  9.3
Unarmed Combat | 8 10 11 | 11.9
Stealth        | 4 6 7 |  7.7

Action                   |  1- 3 |  4- 6 |  7- 9 || total
-------------------------+-------+-------+-------++-------
Melee: Unarmed           |     4 |    27 |     8 ||    39
       Bite              |     1 |     2 |     2 ||     5
  Use: Potion            |     2 |       |       ||     2
Dodge: Dodged            |     2 |    14 |     2 ||    18
